 Dungeon Sprint DCSS version 0.26-a0-720-g2a1d101370 (webtiles) character file.

Game seed: 12199561733416235796

3516 mhtbhm the Severer (level 9, -1/150 HPs)
             Began as a Minotaur Berserker on Nov 3, 2020.
             Was a High Priest of Trog.
             Slain by an iron troll (14 damage)
             ... in the Dungeon (Sprint VII: "The Pits").
             The game lasted 00:01:41 (1133 turns).

mhtbhm the Severer (Minotaur Berserker)             Turns: 1133, Time: 00:01:42

Health: -1/150     AC: 19    Str: 24    XL:     9   Next: 81%
Magic:  8/8        EV: 12    Int:  4    God:    Trog [*****.]
Gold:   0          SH:  0    Dex: 14    Spells: 8/8 levels left

rFire    . . .     SeeInvis .   a - +2 war axe (vorpal)
rCold    . . .     Faith    .   (no shield)
rNeg     . . .     Spirit   .   b - +4 chain mail
rPois    .         Reflect  .   (helmet restricted)
rElec    .         Harm     .   (no cloak)
rCorr    .         Rampage  .   (no gloves)
MR       .....     NoTele   +   (no boots)
Stlth    ..........             (no amulet)
HPRegen  0.35/turn              l - +3 ring of protection
MPRegen  0.11/turn              m - +3 ring of dexterity

@: berserking (expiring), very quick
A: retaliatory headbutt, horns 2
a: Berserk, Trog's Hand, Brothers in Arms, Renounce Religion


You were in the Dungeon.
You worshipped Trog.
Trog was extremely pleased with you.
You visited 1 branch

Inventory:

Hand Weapons
 a - a +2 vorpal war axe (weapon)
Armour
 b - a +4 chain mail (worn)
Jewellery
 l - a +3 ring of protection (left hand)
 m - a +3 ring of dexterity (right hand)
Scrolls
 h - a scroll of blinking
 j - 3 scrolls of remove curse
 k - a scroll of summoning
Potions
 c - 5 potions of curing
 d - 10 potions of heal wounds
 e - 3 potions of haste
 f - 4 potions of magic
 g - 4 potions of berserk rage
 i - 2 potions of invisibility
 n - 2 potions of resistance
 o - 2 potions of stabbing


   Skills:
 + Level 15.6 Fighting
 + Level 16.3 Axes
 + Level 11.8 Armour
 + Level 7.4 Dodging
 + Level 1.2 Stealth


You had 8 spell levels left.
You didn't know any spells.
Your spell library was empty.

Dungeon Overview and Level Annotations

Branches:
Dungeon (1/1)

Altars:
Cheibriados
Dithmenos
Elyvilon
Fedhas
Gozag
Hepliaklqana
Makhleb
Nemelex Xobeh
Okawaru
Qazlal
Ru
Sif Muna
Trog
Wu Jian
Xom
Yredelemnul
Zin
The Shining One
Jiyva


Innate Abilities, Weirdness & Mutations

You reflexively headbutt those who attack you in melee.
You have a pair of horns on your head.


Message History

The deep troll shaman calls upon its god to speed up the deep troll shaman.
The deep troll shaman seems to speed up.
The iron troll bites you! The iron troll claws you!
The iron troll claws you but does no damage.
You hit the iron troll. You headbutt the iron troll.
The iron troll is severely wounded.
You slash the iron troll! You headbutt the iron troll.
The iron troll is almost dead.
Unknown command.
You hit the iron troll but do no damage.
You headbutt the iron troll.
The iron troll is almost dead.
You hit the iron troll but do no damage.
Your headbutt misses the iron troll.
The iron troll is almost dead.
The iron troll bites you!!!
* * * LOW HITPOINT WARNING * * *
The iron troll claws you but does no damage.
The iron troll claws you!
You die...

#..# ####### #..#
..##..# #..#
..##..# #..#
..''..# #T.#
..''..##########TT#
..##...[........T.#
..##...........†@.#
###################


You could see an iron troll (strong), a deep troll (fast, strong) and 2 deep
troll shamans.

Vanquished Creatures
  A deep troll shaman (D)
  A deep troll (D)
  A deep elf mage (D)
  A manticore (D)
  A demonic crawler (D)
  A flying skull (D)
  A wraith (D)
  A steam dragon (D)
  A wyvern (D)
  3 floating eyes (D)
  A water moccasin (D)
  A swamp drake (D)
  An ogre (D)
  A big kobold (D)
  2 hounds (D)
  2 iron imps (D)
  A worker ant (D)
  A mummy (D)
  An ufetubus (D)
  2 leopard geckos (D)
  A goblin (D)
  A ball python (D)
  A bat (D)
  A giant cockroach zombie (D)
  A kobold (D)
30 creatures vanquished.

Notes
Turn   | Place    | Note
-------+----------+-------------------------------------------
     0 | D        | mhtbhm the Minotaur Berserker began the quest for the Orb.
     0 | D        | Reached XP level 1. HP: 19/19 MP: 0/0
    13 | D        | Noticed a floating eye
    16 | D        | Paralysed by a floating eye for 2 turns
    19 | D        | Killed a floating eye
    19 | D        | Reached skill level 7 in Axes
    19 | D        | Reached XP level 2. HP: 35/35 MP: 1/1
    19 | D        | Reached XP level 3. HP: 40/40 MP: 2/2
    19 | D        | Reached XP level 4. HP: 48/48 MP: 3/3
   151 | D        | Found a bloodstained altar of Trog.
   151 | D        | Found a shimmering blue altar of Sif Muna.
   151 | D        | Found a viscous altar of Jiyva.
   151 | D        | Found a hazy altar of Hepliaklqana.
   151 | D        | Found an opulent altar of Gozag.
   166 | D        | Reached ** piety under Trog
   166 | D        | Reached skill level 8 in Axes
   182 | D        | Noticed a floating eye
   185 | D        | Killed a floating eye
   185 | D        | Reached skill level 9 in Axes
   185 | D        | Reached skill level 5 in Armour
   185 | D        | Reached XP level 5. HP: 58/58 MP: 4/4
   291 | D        | Noticed a floating eye
   295 | D        | Reached *** piety under Trog
   295 | D        | Reached skill level 10 in Axes
   295 | D        | Killed a floating eye
   295 | D        | Reached skill level 10 in Fighting
   295 | D        | Reached skill level 5 in Dodging
   295 | D        | Reached XP level 6. HP: 67/67 MP: 5/5
   345 | D        | Found a glowing golden altar of the Shining One.
   345 | D        | Found a glowing silver altar of Zin.
   345 | D        | Found a basalt altar of Yredelemnul.
   345 | D        | Found a shimmering altar of Xom.
   345 | D        | Found an ornate altar of the Wu Jian Council.
   345 | D        | Found a sacrificial altar of Ru.
   345 | D        | Found a stormy altar of Qazlal.
   345 | D        | Found an iron altar of Okawaru.
   345 | D        | Found a sparkling altar of Nemelex Xobeh.
   345 | D        | Found a burning altar of Makhleb.
   345 | D        | Found a blossoming altar of Fedhas.
   345 | D        | Found a white marble altar of Elyvilon.
   345 | D        | Found a shadowy altar of Dithmenos.
   345 | D        | Found a snail-covered altar of Cheibriados.
   369 | D        | Noticed a deep elf mage
   369 | D        | Noticed a water moccasin
   376 | D        | Reached skill level 11 in Axes
   376 | D        | Killed a water moccasin
   376 | D        | Reached **** piety under Trog
   379 | D        | Reached XP level 7. HP: 74/74 MP: 6/6
   382 | D        | Killed a deep elf mage
   382 | D        | Reached skill level 13 in Axes
   389 | D        | Reached ***** piety under Trog
   457 | D        | Reached XP level 8. HP: 86/86 MP: 7/7
   460 | D        | Noticed a manticore
   469 | D        | Killed a manticore
   469 | D        | Reached skill level 14 in Axes
   690 | D        | Noticed a flying skull
   706 | D        | Killed a flying skull
   758 | D        | Noticed a demonic crawler
   772 | D        | Killed a demonic crawler
   772 | D        | Received a gift from Trog
   772 | D        | Reached skill level 15 in Axes
   791 | D        | Reached XP level 9. HP: 25/96 MP: 8/8
  1066 | D        | Reached skill level 10 in Armour
  1114 | D        | Noticed an iron troll
  1114 | D        | Noticed a deep troll
  1116 | D        | Noticed a deep troll shaman
  1118 | D        | Noticed a deep troll shaman
  1118 | D        | Noticed a deep troll shaman
  1119 | D        | Noticed a deep troll
  1124 | D        | Killed a deep troll
  1124 | D        | Received a gift from Trog
  1124 | D        | Reached skill level 15 in Fighting
  1124 | D        | Reached skill level 16 in Axes
  1124 | D        | Reached skill level 1 in Stealth
  1126 | D        | Killed a deep troll shaman
  1133 | D        | Slain by an iron troll

Illustrated notes

Levels and vault maps discovered:
D:        pitsprint [storerooms_1, entrance_room_1, metal_vault_3, armoury_2,
          mini_pit_1, grid_room_1, main_hall_1, silver_pit, the_coven_2,
          the_vestibule_1, steel_vault_4, golden_pit, hallway_of_sentries,
          crystal_vault_1, iron_vault_1, final_vault]

Skill      XL: |  1  2  3  4  5  6  7  8  9 |
---------------+----------------------------+-----
Fighting       | 7 9 10 11 13 14 15 | 15.6
Axes           | 7 9 10 11 13 15 16 | 16.3
Armour         | 4 5 6 7 9 11 | 11.8
Dodging        | 3 4 5 6 7 |  7.4
Stealth        | 1 |  1.2

Action                   |  1- 3 |  4- 6 |  7- 9 || total
-------------------------+-------+-------+-------++-------
Melee: Hand axe          |     4 |    20 |    49 ||    73
       Headbutt          |       |     2 |    21 ||    23
       War axe           |       |       |    19 ||    19
Invok: Berserk           |       |     2 |     3 ||     5
  Use: Potion            |       |       |     1 ||     1
Armor: Animal skin       |       |     1 |       ||     1
       Chain mail        |       |     7 |    33 ||    40
Dodge: Dodged            |       |    18 |    33 ||    51

Table legend: (Time is in decaauts)
 A = Elapsed time spent in this place.
 B = Non-inter-level travel time spent in this place.
 C = Inter-level travel time spent in this place.
 D = Time resting spent in this place.
 E = Time spent auto-exploring this place.
 F = Levels seen in this place.
 G = Mean time per level.
                   A        B        C        D        E       F      G
               +--------+--------+--------+--------+--------+-----+--------+
         Total |   1123 |   1123 |      0 |    702 |     19 |   1 | 1123.0 |
       Dungeon |   1123 |   1123 |      0 |    702 |     19 |   1 | 1123.0 |
               +--------+--------+--------+--------+--------+-----+--------+

Top non-repeatable levels by time:
       D: 1123 daAuts
